 Dungeon Crawl Stone Soup version 0.25.0-10-g039870ee82 (webtiles) character file.

Game seed: 17373619268003174268

24244 Aviak the Nimble (level 12, -10/67 HPs)
             Began as a Spriggan Summoner on June 24, 2020.
             Was an Initiate of Gozag.
             Killed from afar by an orc sorcerer (34 damage)
             ... with a bolt of negative energy
             ... on level 11 of the Dungeon.
             The game lasted 00:40:15 (15934 turns).

Aviak the Nimble (Spriggan Summoner)               Turns: 15934, Time: 00:40:15

Health: -10/67     AC: 10    Str:  4    XL:     12   Next: 79%
Magic:  19/22      EV: 27    Int: 22    God:    Gozag
Gold:   605        SH:  0    Dex: 16    Spells: 14/23 levels left

rFire    + . .     SeeInvis +   G - +2 dagger (elec)
rCold    . . .     Gourm    .   (shield restricted)
rNeg     . . .     Faith    .   B - +2 robe {rF+}
rPois    +         Spirit   .   q - +2 hat
rElec    .         Reflect  .   J - scarf {repulsion}
rCorr    .         Harm     .   (gloves unavailable)
MR       ++...                  (boots unavailable)
Stlth    ++++......             D - amulet of regeneration
HPRegen  0.61/turn              P - ring of poison resistance
MPRegen  0.18/turn              A - +4 ring of protection

@: confusing touch, gold aura, heavily drained, repel missiles, very quick
A: very small, unfitting armour, see invisible, herbivore, speed 3, slow
metabolism 2
a: Potion Petition, Call Merchant, Bribe Branch, Renounce Religion


You were on level 11 of the Dungeon.
You worshipped Gozag.
Gozag was pleased with you.
You were not hungry.

You visited 2 branches of the dungeon, and saw 12 of its levels.
You also visited: Gauntlet.

You collected 2710 gold pieces.
You spent 1266 gold pieces at shops.
You paid 839 gold pieces to Gozag.

Inventory:

Hand Weapons
 v - a +2 dagger of venom
 G - a +2 dagger of electrocution (weapon)
Armour
 a - a +0 robe
 k - a +1 cloak
 q - a +2 hat (worn)
 B - a +2 robe of fire resistance (worn)
 J - a scarf of repulsion (worn)
Jewellery
 b - a +4 ring of evasion
 j - a +6 ring of strength
 n - the ring of Kindness {*Tele rN+ Int+2 SInv}
   (You found it on level 4 of the Dungeon)

   [ring of teleportation]

   It may teleport you next to monsters.
   It affects your intelligence (+2).
   It protects you from negative energy.
   It lets you see invisible.
 A - a +4 ring of protection (right hand)
 D - an amulet of regeneration (around neck)
 E - a +4 ring of evasion
 F - an uncursed ring of protection from fire
 I - an uncursed amulet of magic regeneration
 N - the ring of Wu Jian's Pride {rF++ Str+8 Int-2 SInv}
   (You found it in a Gauntlet)

   [ring of see invisible]

   It affects your strength (+8).
   It affects your intelligence (-2).
   It greatly protects you from fire.
   It lets you see invisible.
 P - a ring of poison resistance (left hand)
Wands
 h - a wand of clouds (3)
 s - a wand of flame (33)
 u - a wand of digging (1)
Scrolls
 d - 6 scrolls of enchant armour
 e - 5 scrolls of blinking
 i - a scroll of identify
 p - 2 scrolls of fog
 r - 6 scrolls of remove curse
 t - 3 scrolls of teleportation
 w - 2 scrolls of fear {unknown}
 x - 5 scrolls of enchant weapon
 y - a scroll of random uselessness {unknown}
 C - 3 scrolls of magic mapping
 H - a scroll of acquirement {unknown}
 L - a scroll of noise {unknown}
 M - a scroll of vulnerability {unknown}
Potions
 c - 3 potions of curing
 g - 3 potions of resistance
 m - 2 potions of flight
 o - 3 potions of stabbing
 z - 5 potions of brilliance
 K - a potion of ambrosia
Comestibles
 l - 23 rations


   Skills:
 + Level 9.6(7.8) Fighting
 + Level 12.2(10.3) Short Blades
 + Level 13.3(11.3) Dodging
 - Level 10.0(8.1) Stealth
 - Level 6.0(4.3) Spellcasting
 - Level 5.0(3.4) Hexes
 - Level 3.2(1.7) Summonings
 + Level 9.5(7.7) Evocations


You had 14 spell levels left.
You knew the following spells:

 Your Spells              Type           Power        Failure   Level  Hunger
a - Summon Small Mammal   Summ           ##..         5%          1    None
b - Call Imp              Summ           ##......     8%          2    #......
c - Confusing Touch       Hex            ###.....     8%          3    ##.....
d - Call Canine Familiar  Summ           ##......     16%         3    ##.....

Your spell library contained the following spells:

 Spells                   Type           Power        Failure   Level  Hunger
 Ensorcelled Hibernation  Hex/Ice        ##....       9%          2    #......
 Animate Skeleton         Necr           N/A          11%         1    None
 Foxfire                  Conj/Fire      #...         11%         1    None
 Sandblast                Erth           #.....       11%         1    None
 Summon Guardian Golem    Hex/Summ       ###.....     11%         3    ##.....
 Corpse Rot               Necr/Air       N/A          16%         2    #......
 Gell's Gravitas          Tloc           #.........   32%         3    ##.....
 Summon Ice Beast         Ice/Summ       #.......     58%         4    ####...
 Summon Lightning Spire   Summ/Air       #.......     58%         4    ####...
 Iskenderun's Mystic Bla  Conj/Tloc      #.......     71%         4    ####...
 Petrify                  Tmut/Erth      #.......     71%         4    ####...
 Metabolic Englaciation   Hex/Ice        ##........   83%         5    ######.
 Yara's Violent Unravell  Hex/Tmut       ##........   83%         5    ######.
 Excruciating Wounds      Chrm/Necr      #.........   96%         5    ######.
 Ozocubu's Refrigeration  Ice            #.........   100%        6    #######
 Ring of Flames           Chrm/Fire      #.........   100%        7    #######


Dungeon Overview and Level Annotations

Branches:
Dungeon (11/15)            Temple (1/1) D:6            Lair (0/6) D:11
    Orc (0/2) D:11        Gauntlet (visited)

Altars:
Ashenzari
Cheibriados
Dithmenos
Elyvilon
Fedhas
Gozag
Hepliaklqana
Kikubaaqudgha
Nemelex Xobeh
Okawaru
Qazlal
Ru
Sif Muna
Trog
Uskayaw
Vehumet
Wu Jian
Xom
Yredelemnul
Zin
The Shining One

Shops:
D:4 ([[   D:8 ?   D:11 (=

Annotations:
D:5 1 runed translucent door, IHuginn's ghost, novice DrCj


Innate Abilities, Weirdness & Mutations

You are very small and have problems with some larger weapons.
You are too small for most types of armour.
You have supernaturally acute eyesight. (SInv)
You are a herbivore.
You cover ground extremely quickly.
You need to consume almost no food.


Message History

Okay, then.
Evoke which item? (* to show all) (? for menu, Esc to quit)
Aiming: Throw Flame
Press: ? - help, Shift-Dir - straight line, f - orc sorcerer
Aim: an orc sorcerer, wielding a +0 dagger and wearing a cursed -2 robe (blue smoke, heavily wounded, chance to confuse on hit: 37%)
The puff of flame hits the orc sorcerer!
The orc sorcerer is almost dead.
Evoke which item? (* to show all) (? for menu, Esc to quit)
Aiming: Throw Flame
Press: ? - help, Shift-Dir - straight line, f/p - orc sorcerer
Aim: an orc sorcerer, wielding a +0 dagger and wearing a cursed -2 robe (almost dead, chance to confuse on hit: 37%)
The puff of flame misses the orc sorcerer.
The puff of flame hits the ynoxinul.
The ynoxinul is lightly wounded.
Your attacks no longer feel as feeble.
The orc sorcerer gestures at you while chanting.
The bolt of negative energy hits you!!
You feel drained.
Ouch! That really hurt!
You die...
Your body crumbles into a pile of gold.

####### #..#... *******
############# #⌠.'.## *≈≈≈≈≈*
#≈≈≈≈≈≈≈≈≈≈≈# #..#... *,,,,,*
#≈##..[..##≈######'## ###+###
#≈#...⌠...#≈#........ #..3..#
#≈..⌠...⌠..≈#..####..
#..#..###≈..)......≈#........
*,#⌠#4E3o§.⌠@)_..⌠.≈'..####..
#o.#..###≈.........≈#........
#.....# #≈..⌠...⌠..≈#..####..
###+### #≈#...⌠...#≈#........
*,,,,,* #≈##.....##≈######'##
*≈≈≈≈≈* #≈≈≈≈≈≈≈≈≈≈≈# #....##
******* ####++####### #.##.##
*≈,,≈* #....## *≈,,≈* #######


You could see an earth elemental (summoned), a ynoxinul (summoned) and an orc
sorcerer.

Vanquished Creatures
  Gastronok (D:8)
  Josephine (D:10)
  4 vampire magi (D:11)
  Urug (D:11)
  A fire crab (Gauntlet)
  2 sixfirhies (Gauntlet)
  An unseen horror (D:10)
  An ugly thing (D:11)
  A manticore (D:11)
  2 orc sorcerers (D:11)
  4 deep elf magi (D:11)
  A centaur zombie (D:10)
  3 naga magi (D:11)
  A centaur skeleton (D:10)
  Maggie (D:7)
  3 kobold demonologists (D:11)
  2 hellwings (D:10)
  A troll (D:11)
  A dream sheep (D:8)
  2 hippogriffs (D:9)
  Sigmund (D:5)
  A wyvern (D:9)
  3 fire bats (Gauntlet)
  Grum (D:11)
  Eustachio (D:5)
  5 wraiths
  A hungry ghost (D:7)
  The ghost of shadizar the Sneak, an amateur OpAs (D:4)
  3 wargs (D:11)
  An acid dragon (D:11)
  2 hell hounds (Gauntlet)
  A water moccasin (D:9)
  14 orc warriors
  A slave (D:7)
  2 ice beasts
  2 sky beasts
  A phantom (D:5)
  2 hornet zombies
  7 ogres
  A necrophage (D:5)
  4 wolves (D:11)
  4 centaurs
  4 big kobolds (D:11)
  8 bullfrogs
  4 scorpions
  7 wights
  2 vampire bats (D:7)
  5 crimson imps
  A bullfrog zombie (D:7)
  A jelly (D:10)
  7 hounds
  9 orc priests
  4 bullfrog skeletons
  6 orc wizards
  9 worker ants
  A hound skeleton (D:6)
  A worker ant zombie (D:5)
  2 gnolls
  A howler monkey skeleton (D:9)
  9 adders
  6 shadow imps
  5 ufetubi (Gauntlet)
  6 worms
  2 leopard geckos
  36 orcs
  6 bat skeletons (D:7)
  4 giant cockroaches
  4 goblins
  4 hobgoblins
  3 jackals (D:6)
  5 kobolds
  5 quokkas
  3 ball pythons
  7 bats
  6 frilled lizards
  A giant cockroach zombie (D:5)
  9 rats
286 creatures vanquished.

Vanquished Creatures (collateral kills)
  A two-headed ogre (D:11)
  Pikel (D:7)
  A troll (D:11)
  A fire bat (Gauntlet)
  2 hungry ghosts
  A necrophage (D:11)
  A centaur (D:6)
  A phantom (D:6)
  A gnoll sergeant (D:9)
  A wyvern zombie (D:10)
  A bullfrog zombie (D:2)
  3 orc wizards
  Crazy Yiuf (D:2)
  A centaur skeleton (D:5)
  An iguana (D:5)
  A hound zombie (D:5)
  3 adders
  5 gnolls
  A shadow imp (D:5)
  An ooze (D:1)
  2 worms (D:2)
  5 dart slugs (D:1)
  5 orcs
  A giant cockroach (D:1)
  4 hobgoblins
  2 bats
  2 frilled lizards (D:1)
  7 goblins
  3 kobolds
  3 rats
63 creatures vanquished.

Vanquished Creatures (others)
  4 dream sheep (D:8)
  An orc wizard (D:11)
5 creatures vanquished.

Grand Total: 354 creatures vanquished

Notes
Turn   | Place    | Note
-------+----------+-------------------------------------------
     0 | D:1      | Aviak the Spriggan Summoner began the quest for the Orb.
     0 | D:1      | Reached XP level 1. HP: 9/9 MP: 5/5
   131 | D:1      | Reached XP level 2. HP: 13/13 MP: 6/6
   153 | D:1      | Learned a level 2 spell: Call Imp
   402 | D:1      | Reached skill level 4 in Dodging
   403 | D:1      | Reached skill level 1 in Short Blades
   584 | D:1      | Reached XP level 3. HP: 2/16 MP: 0/8
  1630 | D:2      | Reached XP level 4. HP: 6/21 MP: 5/9
  1898 | D:2      | Found a runed translucent door.
  1899 | D:2      | Noticed Crazy Yiuf
  1913 | D:2      | Killed Crazy Yiuf
  1913 | D:2      | Reached skill level 5 in Stealth
  2170 | D:2      | Found a shimmering blue altar of Sif Muna.
  2602 | D:3      | Found a sparkling altar of Nemelex Xobeh.
  2603 | D:3      | Found a white marble altar of Elyvilon.
  2783 | D:3      | Reached skill level 5 in Dodging
  3232 | D:3      | Reached XP level 5. HP: 24/24 MP: 10/10
  3247 | D:3      | Found a white marble altar of Elyvilon.
  3488 | D:4      | Found Cugunem's Antique Weapon Boutique.
  3760 | D:4      | Found Igang's Antique Armour Shoppe.
  3764 | D:4      | Noticed an ogre
  3784 | D:4      | Killed an ogre
  3784 | D:4      | Reached skill level 1 in Fighting
  3818 | D:4      | Found Riawkar's Armour Shop.
  4133 | D:4      | Found a runed translucent door.
  4133 | D:4      | Noticed shadizar's ghost (amateur OpAs)
  4263 | D:5      | Entered Level 5 of the Dungeon
  4294 | D:5      | Reached XP level 6. HP: 17/30 MP: 4/11
  4649 | D:5      | Reached skill level 6 in Dodging
  4944 | D:5      | Noticed IHuginn's ghost (novice DrCj)
  4961 | D:5      | Reached XP level 7. HP: 19/35 MP: 5/12
  4971 | D:5      | Found a runed translucent door.
  5266 | D:5      | Noticed Sigmund
  5385 | D:5      | Killed Sigmund
  5385 | D:5      | Reached skill level 7 in Dodging
  5582 | D:5      | Noticed Eustachio
  5640 | D:5      | Killed Eustachio
  5851 | D:5      | Reached XP level 8. HP: 40/40 MP: 13/13
  5884 | D:5      | Reached skill level 5 in Short Blades
  6059 | D:6      | Reached skill level 8 in Dodging
  6065 | D:6      | Found a staircase to the Ecumenical Temple.
  6077 | Temple   | Entered the Ecumenical Temple
  6150 | Temple   | Became a worshipper of Gozag Ym Sagoz the Greedy
  7205 | D:6      | Found a stormy altar of Qazlal.
  7233 | D:6      | Reached skill level 9 in Dodging
  7616 | D:6      | Reached XP level 9. HP: 45/45 MP: 14/14
  7730 | D:6      | Learned a level 3 spell: Confusing Touch
  7914 | D:4      | Bought a +2 robe of fire resistance for 230 gold pieces
  7980 | D:2      | Found a hazy altar of Hepliaklqana.
  8137 | D:4      | Killed shadizar's ghost
  8137 | D:4      | Reached skill level 10 in Stealth
  8148 | D:4      | Got a crude tin ring
  8150 | D:4      | Identified the ring of Kindness {*Tele rN+ Int+2 SInv} (You
                  | found it on level 4 of the Dungeon)
  8313 | D:7      | Noticed Maggie
  8320 | D:7      | Killed Maggie
  8389 | D:7      | Found a bloodstained altar of Trog.
  8859 | D:7      | Found a shadowy altar of Dithmenos.
  9015 | D:7      | Noticed Pikel
  9115 | D:7      | Killed Pikel
  9115 | D:7      | Reached skill level 5 in Fighting
  9237 | D:7      | Reached skill level 5 in Spellcasting
  9273 | D:7      | Found a snail-covered altar of Cheibriados.
  9572 | D:7      | Found an ancient bone altar of Kikubaaqudgha.
  9750 | D:8      | Found an iron altar of Okawaru.
  9887 | D:8      | Found a sparkling altar of Nemelex Xobeh.
 10045 | D:8      | Noticed Gastronok
 10070 | D:8      | Killed Gastronok
 10070 | D:8      | Reached skill level 5 in Hexes
 10070 | D:8      | Reached XP level 10. HP: 33/53 MP: 13/20
 10258 | D:8      | Found Jyni's Magic Scroll Shoppe.
 10265 | D:8      | Bought a scroll of enchant weapon for 97 gold pieces
 10265 | D:8      | Bought a scroll of blinking for 97 gold pieces
 10265 | D:8      | Bought a scroll of enchant armour for 97 gold pieces
 10265 | D:8      | Bought a scroll of enchant armour for 97 gold pieces
 10440 | D:8      | Found a shimmering altar of Xom.
 11322 | D:9      | Found a hide-covered altar of Uskayaw.
 11702 | D:10     | Entered Level 10 of the Dungeon
 11752 | D:9      | Reached skill level 1 in Evocations
 12216 | D:10     | Reached skill level 10 in Short Blades
 12216 | D:10     | Reached XP level 11. HP: 48/58 MP: 17/21
 12391 | D:10     | Noticed an unseen horror
 12394 | D:10     | Killed an unseen horror
 12545 | D:10     | Reached skill level 10 in Dodging
 12556 | D:10     | Noticed Josephine
 12561 | D:10     | Killed Josephine
 13336 | D:11     | Noticed Urug
 13341 | D:11     | Killed Urug
 13341 | D:11     | Reached skill level 5 in Evocations
 13392 | D:11     | Noticed Grum
 13427 | D:11     | Killed Grum
 13427 | D:11     | Reached skill level 11 in Dodging
 13448 | D:11     | Noticed a red ugly thing
 13450 | D:11     | Found a staircase to the Orcish Mines.
 13454 | D:11     | Found Inoany's Weapon Shop.
 13476 | D:11     | Found a gate leading to a gauntlet.
 13481 | Gauntlet | Entered a Gauntlet
 13481 | Gauntlet | Found a transporter.
 13481 | Gauntlet | Found a transporter.
 13481 | Gauntlet | Found a transporter.
 13481 | Gauntlet | Noticed a sixfirhy
 13614 | Gauntlet | Found a transporter.
 13614 | Gauntlet | Noticed a catoblepas
 13615 | Gauntlet | Found a transporter.
 13618 | Gauntlet | Found a transporter.
 13623 | Gauntlet | Noticed a sixfirhy
 13626 | Gauntlet | Found a transporter.
 13627 | Gauntlet | Found a transporter.
 13628 | Gauntlet | Found a transporter.
 13629 | Gauntlet | Found a transporter.
 13631 | Gauntlet | Noticed a wretched star
 13637 | Gauntlet | Noticed a fire crab
 13638 | Gauntlet | Found a transporter.
 13742 | Gauntlet | Found a transporter.
 13827 | Gauntlet | Killed a sixfirhy
 13861 | Gauntlet | Killed a sixfirhy
 13931 | Gauntlet | Killed a fire crab
 13996 | Gauntlet | Got a flickering jade ring
 14002 | Gauntlet | Identified the ring of Wu Jian's Pride {rF++ Str+8 Int-2
                  | SInv} (You found it in a Gauntlet)
 14111 | Gauntlet | Noticed a minotaur
 14143 | Gauntlet | HP: 2/60 [minotaur/silver javelin (8)]
 14159 | Gauntlet | Identified Weuqasuh's Disquisition on Blistering Clay
 14244 | D:11     | Killed a red ugly thing
 14244 | D:11     | Reached XP level 12. HP: 59/65 MP: 16/22
 14268 | D:11     | Learned a level 3 spell: Call Canine Familiar
 14391 | D:11     | Reached skill level 12 in Dodging
 14583 | D:11     | Bought a +4 ring of protection for 648 gold pieces
 14776 | D:11     | Noticed a two-headed ogre
 14826 | D:11     | Noticed a vampire mage
 14866 | D:11     | Noticed a vampire mage
 14869 | D:11     | Identified the cursed +2 falchion of Peace {vamp, MR+
                  | Str+3}
 14907 | D:11     | Killed a vampire mage
 14912 | D:11     | Killed a vampire mage
 15283 | D:11     | Found a staircase to the Lair.
 15298 | D:11     | Killed a two-headed ogre
 15592 | D:11     | Noticed a vampire mage
 15640 | D:11     | Killed a vampire mage
 15640 | D:11     | Reached skill level 13 in Dodging
 15762 | D:11     | Identified the Tome of Glacial Confrontation
 15791 | D:11     | Identified the Disquisition on Unholy Magic
 15802 | D:11     | Found a shimmering blue altar of Sif Muna.
 15802 | D:11     | Noticed a vampire mage
 15809 | D:11     | Killed a vampire mage
 15934 | D:11     | Killed from afar by an orc sorcerer

Illustrated notes

Levels and vault maps discovered:
D:1:      shiori_arrival_maze, layout_rooms
D:2:      layout_rooms, nicolae_overflow_hidden_temple, lemuel_blue_sif_altar,
          serial_rivers, chequers_serial_rivers_micro_a,
          chequers_serial_rivers_micro_a, chequers_serial_rivers_micro_a,
          chequers_serial_rivers_micro_b, due_unseen_surprise,
          uniq_crazy_yiuf_cottage
D:3:      layout_basic, gammafunk_temple_overflow_statue, lemuel_statue_altar
D:4:      layout_cave_pools, first_ration, serial_shops, kennysheep_mini, shop,
          shop, ebering_ghost_inner_flame
D:5:      layout_rooms, hellmonk_ghost_happy_afterlife, uniq_eustachio,
          uniq_sigmund
D:6:      layout_gridville, kennysheep_little_box,
          minmay_temple_entry_statues_fountains, cheibrodos_sewer_entry_bend,
          minmay_misc_feat_encased
D:7:      layout_loops_corners, lemuel_coloured_pillars_altar,
          kennysheep_vampire_church, overflow_temple_1_default,
          kennysheep_mini_moat, grunt_ogre_cave, corexii_corridor_pit,
          kennysheep_generic_room_3, uniq_maggie, uniq_pikel
D:8:      layout_basic, okawaru_ov_weapons_minmay, kb_xom_exploding_sheep,
          serial_shops, shop, nemelex_xobeh_ov_fountains_minmay, uniq_gastronok
D:9:      layout_long_grid, basic_altar
D:10:     cheibrodos_grave_circle, layout_basic, uniq_josephine
D:11:     evilmike_library_of_no_secrets, layout_irregular_city,
          erik_lair_orcish_takeover, orc_david_3, serial_column_ruins,
          column_ruins_square_large, column_ruins_open_small,
          column_ruins_corridor_corner, column_ruins_grid_1,
          column_ruins_columns_T, column_ruins_grid_3, column_ruins_open_tiny,
          gauntlet_entry_generic, uniq_grum, uniq_urug
Temple:   minmay_temple_curvy_loop

Skill      XL: |  1  2  3  4  5  6  7  8  9 10 11 12 |
---------------+-------------------------------------+-----
Stealth        | 4 5 6 7 8 9 10 | 10.0
Dodging        | 4 5 6 7 9 11 13 | 13.3
Short Blades   | 1 2 3 4 6 8 10 11 12 | 12.2
Fighting       | 1 2 3 4 6 7 8 9 |  9.6
Spellcasting   | 6 |  6.0
Hexes          | 5 |  5.0
Evocations     | 2 7 9 |  9.5
Summonings     | |  3.2

Action                   |  1- 3 |  4- 6 |  7- 9 | 10-12 || total
-------------------------+-------+-------+-------+-------++-------
Melee: Unarmed           |    11 |       |       |       ||    11
       Dagger            |    84 |    93 |   365 |   672 ||  1214
       Rapier            |    12 |    53 |       |       ||    65
 Cast: Summon Small Mamm |    17 |     1 |     1 |       ||    19
       Call Imp          |    16 |    33 |    58 |    71 ||   178
       Confusing Touch   |       |       |     9 |    48 ||    57
       Call Canine Famil |       |       |       |     6 ||     6
Invok: Call Merchant     |       |       |       |     1 ||     1
Evoke: Wand              |       |       |     3 |    21 ||    24
  Use: Potion            |     1 |     1 |     1 |     5 ||     8
       Scroll            |       |       |     8 |     9 ||    17
 Stab: Sleeping          |     7 |    12 |    29 |    26 ||    74
       Distracted        |       |     3 |     3 |     3 ||     9
       Confused          |       |       |     7 |    38 ||    45
  Eat: Ration            |       |     2 |     5 |     4 ||    11
Armor: Robe              |    13 |     5 |    38 |    50 ||   106
       Skin              |       |       |    16 |       ||    16
Dodge: Dodged            |   114 |   119 |   289 |   567 ||  1089
       Repelled          |       |       |       |     6 ||     6
